 Dungeon Crawl Stone Soup version 0.30-a0-330-g8f2769a82d (webtiles) character file.

Game seed: 15512132974743111091

492 Harunobu the Trooper (level 7, -3/44 HPs)
             Began as a Gargoyle Monk on Oct 29, 2022.
             Slain by a wight
             ... wielding a +2 battleaxe
              (8 damage)
             ... on level 7 of the Dungeon.
             The game lasted 00:05:26 (2553 turns).

Harunobu the Trooper (Gargoyle Monk)                Turns: 2553, Time: 00:05:27

Health: -3/44      AC: 14    Str: 17    XL:     7   Next: 14%
Magic:  7/7        EV:  7    Int: 12    God:
Gold:   221        SH:  0    Dex: 12    Spells: 6/6 levels left

rFire   . . .      SeeInvis .    k - +11 spear of the Summoning Goat {drain, rC+ Int+2}
rCold   + . .      Faith    .    (no shield)
rNeg    + . .      Spirit   .    l - +0 chain mail
rPois   ∞          Reflect  .    (no helmet)
rElec   +          Harm     .    s - +0 cloak
rCorr   .          Rampage  .    (no gloves)
Will    .....                    g - +0 pair of boots
Stlth   ..........               (no amulet)
HPRegen 0.27/turn                (no ring)
MPRegen 0.10/turn                (no ring)

@: no status effects
A: sickness immunity, AC +4, negative energy resistance 1, electricity
resistance, torment resistance 1, petrification resistance
a: no special abilities


You were on level 7 of the Dungeon.
You visited 1 branch of the dungeon, and saw 7 of its levels.

You collected 221 gold pieces.

Inventory:

Hand Weapons
 d - a +2 mace of protection
 k - the +11 spear of the Summoning Goat (weapon) {drain, rC+ Int+2}
   (You found it on level 2 of the Dungeon)

   A truly terrible weapon, it drains the life of any living foe it strikes.
   Int:       It affects your intelligence (+2).
   rC:        It protects you from cold.
 r - a +4 quarterstaff of chaos
Armour
 b - a +0 pair of gloves
 g - a +0 pair of boots (worn)
 l - a +0 chain mail (worn)
 s - a +0 cloak (worn)
Scrolls
 a - a scroll of magic mapping {unknown}
 e - 2 scrolls of enchant weapon {unknown}
 f - 7 scrolls of identify {unknown}
 h - a scroll of summoning {unknown}
 j - 2 scrolls of enchant armour {unknown}
 m - a scroll of brand weapon {unknown}
 t - a scroll of butterflies {unknown}
Potions
 c - a potion of ambrosia
 i - 2 potions of haste {unknown}
 n - a potion of degeneration {unknown}
 o - a potion of lignification {unknown}
 p - a potion of heal wounds {unknown}
 q - a potion of magic {unknown}
 u - a potion of might {unknown}


   Skills:
 + Level 5.2 Fighting
 - Level 3.0 Maces & Flails
 + Level 2.7 Polearms
 + Level 3.9 Dodging
 + Level 4.9 Stealth


You had 6 spell levels left.
You didn't know any spells.
Your spell library was empty.

Dungeon Overview and Level Annotations

Branches:
Dungeon (7/15)
 Temple: D:4-7

Altars:

Annotations:
D:6 Blork the orc


Innate Abilities, Weirdness & Mutations

You are immune to sickness and miasma.
Your stone body is resilient. (AC +4)
You are immune to poison.
You resist negative energy. (rN+)
You are resistant to electric shocks. (rElec)
You are resistant to unholy torment.
You are immune to petrification.


Message History

You hit the shadow imp.
You kill the shadow imp!
You hit the wight.
The wight is lightly damaged.
The wight hits you but does no damage.
A wight comes into view. It is wielding a +2 battleaxe.
You hit the wight.
The wight is moderately damaged.
The wight hits you with a +2 scimitar!
A wight comes into view. It is wielding a +0 great sword.
The wight attacks as you move away! The wight hits you with a +2 scimitar.
There is a stone staircase leading up here.
The wight hits you with a +2 scimitar.
You climb upwards.
Level annotation: Blork the orc
There is a stone staircase leading down here.
You puncture the wight!
The wight is almost destroyed.
Blork the orc points at you and mumbles some strange words.
The puff of flame hits you! The wight hits you but does no damage.
You barely miss the wight.
The wight is almost destroyed.
Blork the orc gestures at you while chanting.
The puff of flame hits you but does no damage.
The wight hits you but does no damage.
You puncture the wight!
You destroy the wight!
You climb downwards.
There is a stone staircase leading up here.
The wight attacks as you move away! The wight hits you with a +2 battleaxe!
* * * LOW HITPOINT WARNING * * *
You hit the wight but do no damage. The wight hits you but does no damage.
You hit the wight.
The wight is moderately damaged.
The wight hits you with a +2 battleaxe.
* * * LOW HITPOINT WARNING * * *
You closely miss the wight.
The wight is moderately damaged.
The wight hits you with a +2 battleaxe!
You die...

# #.##### #..@z.#
#####.########
#.......<....#
#.###.###.##.....
#...........##.
......>...........
#####..#....##.##.
....#.....# #
##...#.##....


You could see a wight.

Vanquished Creatures
  An ice beast (D:6)
  A centaur (D:6)
  A wight (D:6)
  A hound (D:5)
  Crazy Yiuf (D:2)
  Natasha (thrice) (D:3)
  6 adders
  A shadow imp (D:7)
  2 worms (D:2)
  4 dart slugs
  3 bats (D:1)
  3 endoplasms
  3 giant cockroaches
  6 goblins
  4 hobgoblins
  8 jackals (D:2)
  2 quokkas
  A ball python (D:2)
  7 frilled lizards
  3 kobolds
  6 rats
67 creatures vanquished.

Vanquished Creatures (others)
  A plant (D:2)
1 creature vanquished.

Grand Total: 68 creatures vanquished

Notes
Turn   | Place    | Note
-------+----------+-------------------------------------------
     0 | D:1      | Harunobu the Gargoyle Monk began the quest for the Orb.
     0 | D:1      | Reached XP level 1. HP: 14/14 MP: 1/1
   349 | D:1      | Reached XP level 2. HP: 19/19 MP: 2/2
   919 | D:2      | Identified the +11 spear of the Summoning Goat {drain, rC+
                  | Int+2}
   939 | D:2      | Reached XP level 3. HP: 24/24 MP: 3/3
  1137 | D:2      | Reached skill level 4 in Fighting
  1168 | D:2      | Reached XP level 4. HP: 29/29 MP: 4/4
  1341 | D:2      | Noticed an ogre
  1450 | D:2      | Reached skill level 1 in Polearms
  1478 | D:2      | Found a runed translucent door.
  1479 | D:2      | Noticed Crazy Yiuf
  1486 | D:2      | Killed Crazy Yiuf
  1717 | D:3      | Reached XP level 5. HP: 33/33 MP: 5/5
  1801 | D:3      | Noticed Natasha
  1808 | D:3      | Killed Natasha
  1966 | D:3      | Noticed Natasha
  1973 | D:3      | Killed Natasha
  1994 | D:3      | Noticed Natasha
  2004 | D:3      | Killed Natasha
  2210 | D:4      | Noticed an ogre
  2226 | D:5      | Entered Level 5 of the Dungeon
  2290 | D:5      | Reached XP level 6. HP: 23/39 MP: 6/6
  2375 | D:5      | Noticed a water moccasin
  2386 | D:6      | Noticed an ice beast
  2389 | D:6      | Killed an ice beast
  2408 | D:6      | Reached skill level 5 in Fighting
  2408 | D:6      | Reached XP level 7. HP: 36/44 MP: 7/7
  2491 | D:6      | Noticed Blork the orc
  2553 | D:7      | Slain by a wight

Illustrated notes

Levels and vault maps discovered:
D:1:      saegor_arrival_fortress, layout_basic
D:2:      cheibrodos_old_hovel, layout_basic, grunt_ministairs_10,
          dk_vineyard_2, minmay_tromino_v7, uniq_crazy_yiuf_cottage
D:3:      layout_rooms, uniq_natasha
D:4:      black_bear_nest_1, layout_loops_ring,
          minmay_temple_entry_drinking_statues, uniq_grinder
D:5:      layout_loops_ring, lightli_church_of_beogh
D:6:      layout_basic, mainiacjoe_overflow_paths, serial_shops,
          nicolae_shop_temple_entry_statues_fountains, corexii_shack,
          kennysheep_potato, uniq_blork_the_orc, uniq_pikel, uniq_sigmund
D:7:      layout_basic

Skill      XL: |  1  2  3  4  5  6 |
---------------+-------------------+-----
Stealth        | 3 4 |  4.9
Fighting       | 4 5 |  5.2
Dodging        | 3 |  3.9
Polearms       | 1 2 |  2.7
Maces & Flails | |  3.0

Action                   |  1- 3 |  4- 6 |  7- 9 || total
-------------------------+-------+-------+-------++-------
Melee: Mace              |    43 |       |       ||    43
       Spear             |    29 |    69 |    11 ||   109
       Punch             |     1 |     1 |       ||     2
 Stab: Sleeping          |     4 |       |       ||     4
Armor: Robe              |    23 |       |       ||    23
       Chain mail        |    15 |    43 |     6 ||    64
Dodge: Dodged            |    46 |    16 |       ||    62

Table legend: (Time is in decaauts)
 A = Elapsed time spent in this place.
 B = Non-inter-level travel time spent in this place.
 C = Inter-level travel time spent in this place.
 D = Time resting spent in this place.
 E = Time spent auto-exploring this place.
 F = Levels seen in this place.
 G = Mean time per level.
                   A        B        C        D        E       F      G
               +--------+--------+--------+--------+--------+-----+--------+
         Total |   2573 |   2518 |     55 |    634 |   1268 |   7 |  367.6 |
       Dungeon |   2573 |   2518 |     55 |    634 |   1268 |   7 |  367.6 |
               +--------+--------+--------+--------+--------+-----+--------+

Top non-repeatable levels by time:
     D:1: 958 daAuts
     D:2: 736 daAuts
     D:3: 473 daAuts
     D:5: 155 daAuts
     D:6: 122 daAuts
     D:4: 80 daAuts
     D:7: 46 daAuts
